 Dungeon Crawl Stone Soup version 0.28-a0-533-g9f97627e2a (webtiles) character file.

Game seed: 16439935838699380154

164 tatocazan the Skirmisher (level 5, -10/42 HPs)
             Began as a Demonspawn Fighter on Sept 25, 2021.
             Killed from afar by a steam dragon (17 damage)
             ... with a ball of steam
             ... on level 4 of the Dungeon.
             The game lasted 00:02:55 (2117 turns).

tatocazan the Skirmisher (Demonspawn Fighter)       Turns: 2117, Time: 00:02:55

Health: -10/42     AC:  6    Str: 18    XL:     5   Next: 21%
Magic:  5/5        EV:  9    Int:  9    God:
Gold:   71         SH:  5    Dex: 14    Spells: 4/4 levels left

rFire   . . .      SeeInvis .   a - +0 war axe
rCold   . . .      Faith    .   c - +0 buckler
rNeg    . . .      Spirit   .   b - +0 scale mail
rPois   .          Reflect  .   (no helmet)
rElec   .          Harm     .   (no cloak)
rCorr   .          Rampage  .   (no gloves)
Will    .....                   (no boots)
Stlth   +.........              (no amulet)
HPRegen 0.14/turn               (no ring)
MPRegen 0.09/turn               (no ring)

@: no status effects
A: thin skeletal structure 1, spiny 1
a: no special abilities


You were on level 4 of the Dungeon.
You visited 1 branch of the dungeon, and saw 4 of its levels.

You collected 71 gold pieces.

Inventory:

Hand Weapons
 a - a +0 war axe (weapon)
Armour
 b - a +0 scale mail (worn)
 c - a +0 buckler (worn)
Wands
 m - a wand of digging (2)
Scrolls
 e - 3 scrolls of identify {unknown}
 f - a scroll of teleportation {unknown}
 h - a scroll of fear {unknown}
 i - a scroll of noise {unknown}
 j - a scroll of amnesia {unknown}
 k - 2 scrolls of torment {unknown}
Potions
 d - a potion of might
 g - 2 potions of brilliance {unknown}
 l - 2 potions of curing {unknown}


   Skills:
 + Level 3.9 Fighting
 + Level 2.9 Axes
 + Level 3.5 Armour
 + Level 3.5 Shields


You had 4 spell levels left.
You didn't know any spells.
Your spell library contained the following spells:

 Spells                   Type           Power      Damage    Failure   Level
 Sublimation of Blood     Necr           0%         N/A       89%         2
 Wereblood                Tmut           0%         N/A       89%         2
 Summon Hydra             Summ           0%         N/A       100%        7


Dungeon Overview and Level Annotations

Branches:
Dungeon (3/15)

Altars:
Elyvilon
Kikubaaqudgha


Innate Abilities, Weirdness & Mutations

You have a somewhat thin skeletal structure. (Dex +2, Stealth+)
You are partially covered in sharp spines.


Message History

You are too injured to fight recklessly!
You are too injured to fight recklessly!
You are too injured to fight recklessly!
You take 19 damage, and have 23/42 hp.
MASSIVE DAMAGE!!
You are too injured to fight recklessly!
You are too injured to fight recklessly!
You are too injured to fight recklessly!
You are too injured to fight recklessly!
You are too injured to fight recklessly!
You are too injured to fight recklessly!
You are too injured to fight recklessly!
You are too injured to fight recklessly!
You are too injured to fight recklessly!
You are too injured to fight recklessly!
You are too injured to fight recklessly!
You are too injured to fight recklessly!
The quokka is engulfed in a cloud of scalding steam.
The quokka dies!
A killer bee zombie comes into view.
The steam dragon bites you. The steam dragon claws you.
You take 6 damage, and have 17/42 hp.
The steam dragon breathes steam at you. The ball of steam hits you!
* * * LOW HITPOINT WARNING * * *
You take 7 damage, and have 10/42 hp.
The killer bee zombie is engulfed in a cloud of scalding steam.
You block the killer bee zombie's attack.
The killer bee zombie is struck by your spines.
The killer bee zombie hits you but does no damage.
The killer bee zombie is struck by your spines.
The killer bee zombie hits you but does no damage.
The killer bee zombie barely misses you.
The killer bee zombie closely misses you.
The killer bee zombie hits you but does no damage.
The killer bee zombie is struck by your spines.
The killer bee zombie hits you.
* * * LOW HITPOINT WARNING * * *
The steam dragon breathes steam at you. The ball of steam hits you!
You die...

......#.#### ..? #.# #
......#....#### .####.###.#.#
......#.......### ......†..Z#.#
................###......g....#
......#..........## #....§..#
#'#####.###.####..# ####....#
......#.# #)..##..## ####.#
......#.# #....#...# ###...#
......#.# #....#@..# ##..g..#
......#.. #.....Z§.###......#
......#.. ######..§.##.D###.#
......# #..§.#...# #.# ......#
####...D#...##..#
................#
#################


You could see a steam dragon (catching breath) and a killer bee zombie.

Vanquished Creatures
  A hound (D:4)
  7 adders
  An ufetubus (D:4)
  2 dart slugs
  2 worms
  6 bats
  5 endoplasms
  4 giant cockroaches
  7 goblins
  5 hobgoblins
  8 kobolds
  5 ball pythons
  6 rats
59 creatures vanquished.

Vanquished Creatures (others)
  An endoplasm (D:4)
  A hobgoblin (D:4)
  A quokka (D:4)
3 creatures vanquished.

Grand Total: 62 creatures vanquished

Notes
Turn   | Place    | Note
-------+----------+-------------------------------------------
     0 | D:1      | tatocazan the Demonspawn Fighter began the quest for the
                  | Orb.
     0 | D:1      | Reached XP level 1. HP: 18/18 MP: 1/1
    61 | D:1      | Gained mutation: You have a somewhat thin skeletal
                  | structure. (Dex +2, Stealth+) [demonic ancestry]
    61 | D:1      | Reached XP level 2. HP: 24/24 MP: 2/2
   602 | D:2      | Reached XP level 3. HP: 25/29 MP: 3/3
   780 | D:2      | Found an ancient bone altar of Kikubaaqudgha.
  1002 | D:2      | Found a faded altar of an unknown god.
  1073 | D:2      | Gained mutation: You are partially covered in sharp spines.
                  | [demonic ancestry]
  1073 | D:2      | Reached XP level 4. HP: 32/35 MP: 4/4
  1766 | D:3      | You fall into a shaft and drop 1 floor!
  1773 | D:4      | Reached XP level 5. HP: 23/42 MP: 5/5
  2098 | D:4      | Noticed a steam dragon
  2117 | D:4      | Killed from afar by a steam dragon

Illustrated notes

Levels and vault maps discovered:
D:1:      mrwooster_arrival_statue_2, layout_rooms, hangedman_decor_lopped
D:2:      layout_rooms, ebering_ecumenical_altar_webs, basic_altar,
          minmay_tromino_mix6
D:3:      layout_basic, mainiacjoe_overflow_24_doors, elyvilon_altar_4,
          serial_shops, shop, nrook_loot_triangle
D:4:      minmay_recursive_quarters, layout_gridville,
          mainiacjoe_overflow_six_doors_small,
          chequers_temple_overflow_statue_of_worship, uniq_menkaure

Skill      XL: |  1  2 |
---------------+-------+-----
Axes           | 2 |  2.9
Shields        | 3 |  3.5
Armour         | 3 |  3.5
Fighting       | |  3.9

Action                   |  1- 3 |  4- 6 || total
-------------------------+-------+-------++-------
Melee: War axe           |    93 |    50 ||   143
Armor: Scale mail        |    46 |    25 ||    71
Dodge: Dodged            |    49 |    17 ||    66
Block: Buckler           |    21 |    20 ||    41

Table legend: (Time is in decaauts)
 A = Elapsed time spent in this place.
 B = Non-inter-level travel time spent in this place.
 C = Inter-level travel time spent in this place.
 D = Time resting spent in this place.
 E = Time spent auto-exploring this place.
 F = Levels seen in this place.
 G = Mean time per level.
                   A        B        C        D        E       F      G
               +--------+--------+--------+--------+--------+-----+--------+
         Total |   2174 |   2132 |     42 |    232 |   1512 |   4 |  543.5 |
       Dungeon |   2174 |   2132 |     42 |    232 |   1512 |   4 |  543.5 |
               +--------+--------+--------+--------+--------+-----+--------+

Top non-repeatable levels by time:
     D:2: 930 daAuts
     D:1: 591 daAuts
     D:4: 357 daAuts
     D:3: 296 daAuts
